 Seeded DCSS version 0.29.1-12-g30fa7ad0bf (webtiles) character file.

Game seed: 20230118 (custom seed)

2494 stormannn the Skirmisher (level 9, -2/71 HPs)
             Began as a Gnoll Hunter on Jan 18, 2023.
             Was a Follower of Qazlal.
             Slain by a yak (11 damage)
             ... on level 8 of the Dungeon.
             The game lasted 00:14:26 (7266 turns).

stormannn the Skirmisher (Gnoll Hunter)             Turns: 7266, Time: 00:14:28

Health: -2/71      AC:  5    Str: 10    XL:     9   Next: 52%
Magic:  15/15      EV: 15    Int:  9    God:    Qazlal [*.....]
Gold:   411        SH:  2    Dex: 20    Spells: 17/17 levels left

rFire   . . .      SeeInvis .   a - +1 shortbow
rCold   . . .      Faith    .   (shield currently unavailable)
rNeg    . . .      Spirit   .   c - +1 leather armour
rPois   .          Reflect  .   (no helmet)
rElec   .          Harm     .   (no cloak)
rCorr   .          Rampage  .   (no gloves)
Will    .....                   A - +0 pair of boots
Stlth   +++.......              (no amulet)
HPRegen 0.21/turn               n - +4 ring of slaying
MPRegen 0.14/turn               (no ring)

@: mighty
A: fangs 1, strong nose, distributed training
a: Renounce Religion


You were on level 8 of the Dungeon.
You worshipped Qazlal.
Qazlal was aware of your devotion.
You visited 1 branch of the dungeon, and saw 8 of its levels.

You collected 411 gold pieces.

Inventory:

Hand Weapons
 a - a +1 shortbow (weapon)
Missiles
 r - 8 poisoned darts (quivered)
 y - 4 silver boomerangs
Armour
 c - a +1 leather armour (worn)
 A - a +0 pair of boots (worn)
Jewellery
 n - a +4 ring of slaying (left hand)
Wands
 t - a wand of polymorph (6)
 z - a wand of iceblast (7)
 B - a wand of light (11)
Scrolls
 b - a scroll of immolation
 j - 2 scrolls of enchant armour
 l - a scroll of magic mapping
 m - 3 scrolls of enchant weapon
 q - a scroll of teleportation
 v - 2 scrolls of identify
 w - a scroll of torment {unknown}
 x - 2 scrolls of fear {unknown}
Potions
 f - 2 potions of mutation
 g - a potion of might
 h - a potion of lignification
 i - 2 potions of brilliance
 k - a potion of flight


   Skills:
 + Level 6.5 Fighting
 + Level 4.5 Short Blades
 + Level 4.5 Long Blades
 + Level 4.5 Axes
 + Level 4.5 Maces & Flails
 + Level 4.5 Polearms
 + Level 4.5 Staves
 + Level 9.7 Ranged Weapons
 + Level 4.5 Throwing
 + Level 4.5 Armour
 + Level 6.5 Dodging
 + Level 5.1 Stealth
 + Level 4.5 Shields
 + Level 4.5 Unarmed Combat
 + Level 4.5 Spellcasting
 + Level 3.7 Conjurations
 + Level 3.7 Hexes
 + Level 3.7 Summonings
 + Level 3.7 Necromancy
 + Level 3.7 Translocations
 + Level 3.7 Transmutations
 + Level 3.7 Fire Magic
 + Level 3.7 Ice Magic
 + Level 3.7 Air Magic
 + Level 3.7 Earth Magic
 + Level 3.7 Poison Magic
 + Level 5.0 Invocations
 + Level 4.5 Evocations


You had 17 spell levels left.
You didn't know any spells.
Your spell library contained the following spells:

 Spells                   Type           Power      Damage    Failure   Level
 Summon Small Mammal      Summ           32%        N/A       8%          1
 Sublimation of Blood     Necr           8%         N/A       11%         2
 Call Canine Familiar     Summ           8%         N/A       22%         3
 Summon Guardian Golem    Hex/Summ       8%         N/A       22%         3
 Corpse Rot               Necr/Pois/Air  8%         N/A       58%         4
 Dispel Undead            Necr           8%         3d8       58%         4
 Petrify                  Tmut/Erth      8%         N/A       58%         4
 Summon Ice Beast         Ice/Summ       8%         N/A       58%         4
 Irradiate                Conj/Tmut      4%         3d13      90%         5
 Summon Mana Viper        Hex/Summ       8%         N/A       90%         5
 Death Channel            Necr           4%         N/A       100%        6
 Monstrous Menagerie      Summ           4%         N/A       100%        7


Dungeon Overview and Level Annotations

Branches:
Dungeon (8/15)             Temple (0/1) D:7            Lair (0/5) D:8

Altars:
Ashenzari
Cheibriados
Dithmenos
Elyvilon
Gozag
Qazlal
Ru
Sif Muna
Yredelemnul
The Shining One

Shops:
D:3 *


Innate Abilities, Weirdness & Mutations

You have very sharp teeth.
Your uncanny sense of smell can sniff out nearby items.
Your experience applies equally to all skills.


Message History

Fire: a) +1 shortbow
Press: ? - help, Shift-Dir - straight line, f/p - hornet
Aim: a hornet (heavily wounded, very poisoned, 63% to hit)
You shoot an arrow. The arrow hits the hornet.
The hornet is severely wounded.
You hear a shout!
You hear an angry growl.
The bullfrog hits you. The hornet barely misses you.
The bullfrog closely misses you. The yak barely misses you.
The hornet stings you.
You feel as though you will be slow longer.
The goblin zaps a wand.
You hear a sizzling sound!
The puff of flame hits you.
* * * LOW HITPOINT WARNING * * *
Fire: a) +1 shortbow
Press: ? - help, Shift-Dir - straight line, f/p - hornet
Aim: a hornet (almost dead, very poisoned, 63% to hit)
You shoot an arrow. The arrow hits the hornet!
You kill the hornet!
Qazlal accepts your kill. The bullfrog hits you.
* * * LOW HITPOINT WARNING * * *
The bullfrog hits you but does no damage.
The yak gores you.
* * * LOW HITPOINT WARNING * * *
The goblin zaps a wand.
The puff of flame hits you!
* * * LOW HITPOINT WARNING * * *
The bullfrog hits you.
* * * LOW HITPOINT WARNING * * *
The yak closely misses you.
A shadow imp comes into view.
Your Invocations skill increases to level 5!
Okay, then.
You feel better.
You feel yourself speed up.
The shadow imp shouts!
The bullfrog hits you.
* * * LOW HITPOINT WARNING * * *
The yak gores you!
You die...

**,** #....#*.# *,**,,,,,,,,,
*,,** #...)#,.* *.#*.#,_,*,**
**,,* #....#.#* *.##...,,,,*
*#,** #>[..#.* *#..5...*,,,*
*.,* #..#...####...#...,,,,**
*#.*###...)####.......#,,,#***
#.##...#..h........#****.###∆
#.....#....(gY....#* ###...,,
*#####...#<#..☼@F#.####
#...,***
*.......§..#.o####.Y..###.#***
*(........##.##**#.##....$#####
*........##h.#,,...#####......#
*.....##).[4##,##### ##.###.#
*#####*#..#.#*,* ###..##.##
##.(.#*,* ###..P......
*#.#(#*,* ##...P.P.....
#.h#.#*,* #|..P..P...P.


You could see a yak, an orc warrior, 2 black bears, a bullfrog, a shadow imp and
a goblin.

Vanquished Creatures
  Prince Ribbit (D:7)
  A hornet (D:8)
  A water moccasin (D:7)
  An ice beast (D:6)
  2 sky beasts (D:7)
  3 black bears
  2 centaurs
  A phantom (D:7)
  3 kobold brigands
  2 bullfrogs
  3 scorpions
  A howler monkey (D:7)
  2 jellies
  4 hounds
  4 orc priests
  4 iguanas
  3 orc wizards
  5 gnolls
  5 adders
  A shadow imp (D:4)
  2 ufetubi
  A worm (D:3)
  2 dart slugs (D:2)
  17 orcs
  4 endoplasms
  3 giant cockroaches
  9 goblins
  12 hobgoblins
  2 jackals (D:1)
  10 kobolds
  3 quokkas
  6 ball pythons
  5 bats
  2 frilled lizards
  2 rats (D:1)
129 creatures vanquished.

Vanquished Creatures (others)
  20 fungi (D:8)
  33 plants
53 creatures vanquished.

Grand Total: 182 creatures vanquished

Notes
Turn   | Place    | Note
-------+----------+-------------------------------------------
     0 | D:1      | stormannn the Gnoll Hunter began the quest for the Orb.
     0 | D:1      | Reached XP level 1. HP: 20/20 MP: 1/1
   228 | D:1      | Reached XP level 2. HP: 26/26 MP: 2/2
   316 | D:1      | Found a faded altar of an unknown god.
   794 | D:2      | Reached XP level 3. HP: 31/31 MP: 3/3
   855 | D:2      | Reached skill level 1 in Invocations
   869 | D:2      | Reached skill level 1 in Short Blades
   869 | D:2      | Reached skill level 1 in Long Blades
   869 | D:2      | Reached skill level 1 in Axes
   869 | D:2      | Reached skill level 1 in Maces & Flails
   869 | D:2      | Reached skill level 1 in Polearms
   869 | D:2      | Reached skill level 1 in Staves
   869 | D:2      | Reached skill level 1 in Throwing
   869 | D:2      | Reached skill level 1 in Armour
   869 | D:2      | Reached skill level 1 in Shields
   869 | D:2      | Reached skill level 1 in Unarmed Combat
   869 | D:2      | Reached skill level 1 in Spellcasting
   869 | D:2      | Reached skill level 1 in Evocations
   869 | D:2      | Reached XP level 4. HP: 29/38 MP: 5/5
  1124 | D:2      | Reached skill level 1 in Conjurations
  1124 | D:2      | Reached skill level 1 in Hexes
  1124 | D:2      | Reached skill level 1 in Summonings
  1124 | D:2      | Reached skill level 1 in Necromancy
  1124 | D:2      | Reached skill level 1 in Translocations
  1124 | D:2      | Reached skill level 1 in Transmutations
  1124 | D:2      | Reached skill level 1 in Fire Magic
  1124 | D:2      | Reached skill level 1 in Ice Magic
  1124 | D:2      | Reached skill level 1 in Air Magic
  1124 | D:2      | Reached skill level 1 in Earth Magic
  1124 | D:2      | Reached skill level 1 in Poison Magic
  1227 | D:2      | Noticed a scorpion
  1240 | D:2      | Killed a scorpion
  1241 | D:2      | Reached XP level 5. HP: 33/43 MP: 5/7
  1589 | D:3      | Found a glowing golden altar of the Shining One.
  1705 | D:3      | Found Xontaf's General Store.
  1848 | D:3      | Found a broken altar of Ashenzari.
  1997 | D:4      | Noticed a black bear
  2004 | D:4      | Killed a black bear
  2005 | D:4      | Reached skill level 5 in Fighting
  2005 | D:4      | Reached skill level 5 in Dodging
  2005 | D:4      | Reached XP level 6. HP: 19/51 MP: 8/8
  2321 | D:4      | Found an opulent altar of Gozag.
  2395 | D:4      | Found a white marble altar of Elyvilon.
  2461 | D:4      | Found a basalt altar of Yredelemnul.
  2635 | D:4      | Found a stormy altar of Qazlal.
  2636 | D:4      | Found a snail-covered altar of Cheibriados.
  2637 | D:4      | Found a shadowy altar of Dithmenos.
  2638 | D:4      | Found a sacrificial altar of Ru.
  2681 | D:4      | Became a worshipper of Qazlal Stormbringer
  2707 | D:5      | Entered Level 5 of the Dungeon
  3002 | D:5      | Noticed a black bear
  3005 | D:5      | Killed a black bear
  3006 | D:5      | Reached XP level 7. HP: 56/56 MP: 10/10
  3801 | D:5      | Reached skill level 9 in Ranged Weapons
  4271 | D:6      | Reached XP level 8. HP: 63/63 MP: 12/12
  5158 | D:7      | Reached * piety under Qazlal
  5398 | D:7      | Noticed Prince Ribbit
  5434 | D:7      | Killed Prince Ribbit
  5453 | D:7      | Reached XP level 9. HP: 11/69 MP: 14/14
  5916 | D:7      | Found a staircase to the Ecumenical Temple.
  6630 | D:7      | Found a shimmering blue altar of Sif Muna.
  6722 | D:8      | Noticed a kobold demonologist
  6724 | D:8      | Noticed a hellwing
  6725 | D:8      | Noticed a kobold demonologist
  6838 | D:8      | Reached skill level 5 in Stealth
  6846 | D:8      | HP: 1/70 [centaur/arrow (10)]
  7197 | D:8      | Noticed a red devil
  7209 | D:8      | Noticed a hellwing
  7257 | D:8      | Noticed a hornet
  7265 | D:8      | Killed a hornet
  7265 | D:8      | HP: 2/71 [bullfrog (2)]
  7266 | D:8      | Reached skill level 5 in Invocations
  7266 | D:8      | Slain by a yak

Illustrated notes

Levels and vault maps discovered:
D:1:      saegor_arrival_fortress, layout_basic, basic_ecumenical_altar,
          chequers_serial_rivers_micro_e, st_stairs_14, minmay_domino_2
D:2:      layout_rooms
D:3:      layout_rooms, nicolae_overflow_crystal_walls,
          ashenzari_conservatory_becter, serial_shops,
          nicolae_shop_advertising_works [nicolae_subvault_shop_adworks]
D:4:      layout_cave_pools, lemuel_doored_altar, minitemple,
          nicolae_overflow_hidden_temple
D:5:      layout_basic
D:6:      layout_gridville
D:7:      kb_forest_paths, layout_loops_ring, mainiacjoe_overflow_chevrons,
          temple_green, uniq_prince_ribbit1
D:8:      layout_rooms, vehumet_altar_wand_db, grunt_lair_entry_orc_guard_hut

Skill      XL: |  1  2  3  4  5  6  7  8  9 |
---------------+----------------------------+-----
Invocations    | 1 2 3 4 5 |  5.0
Short Blades   | 1 2 3 4 |  4.5
Long Blades    | 1 2 3 4 |  4.5
Axes           | 1 2 3 4 |  4.5
Maces & Flails | 1 2 3 4 |  4.5
Polearms       | 1 2 3 4 |  4.5
Staves         | 1 2 3 4 |  4.5
Throwing       | 1 2 3 4 |  4.5
Armour         | 1 2 3 4 |  4.5
Shields        | 1 2 3 4 |  4.5
Unarmed Combat | 1 2 3 4 |  4.5
Spellcasting   | 1 2 3 4 |  4.5
Evocations     | 1 2 3 4 |  4.5
Conjurations   | 1 2 3 |  3.7
Hexes          | 1 2 3 |  3.7
Summonings     | 1 2 3 |  3.7
Necromancy     | 1 2 3 |  3.7
Translocations | 1 2 3 |  3.7
Transmutations | 1 2 3 |  3.7
Fire Magic     | 1 2 3 |  3.7
Ice Magic      | 1 2 3 |  3.7
Air Magic      | 1 2 3 |  3.7
Earth Magic    | 1 2 3 |  3.7
Poison Magic   | 1 2 3 |  3.7
Fighting       | 5 6 |  6.5
Dodging        | 5 6 |  6.5
Stealth        | 3 4 5 |  5.1
Ranged Weapons | 9 |  9.7

Action                   |  1- 3 |  4- 6 |  7- 9 || total
-------------------------+-------+-------+-------++-------
 Fire: Shortbow          |    40 |   136 |   231 ||   407
Throw: Dart              |       |       |    20 ||    20
  Use: Scroll            |     1 |     4 |     7 ||    12
       Potion            |       |       |    14 ||    14
Armor: Leather armour    |       |     8 |    23 ||    31
       Skin              |       |       |    11 ||    11
Dodge: Dodged            |     8 |    23 |   136 ||   167
Block: Other             |       |       |     5 ||     5
